 Dungeon Crawl Stone Soup version 0.21.1-1-g345015f (webtiles) character file.

269 Harpaggios the Chopper (level 6, -7/56 HPs)
             Began as a Hill Orc Monk on June 19, 2018.
             Was a Believer of Makhleb.
             Mangled by a centaur (9 damage)
             ... on level 3 of the Dungeon.
             The game lasted 00:19:10 (2166 turns).

Harpaggios the Chopper (Hill Orc Monk)              Turns: 2166, Time: 00:19:13

Health: -7/56      AC:  2    Str: 11 (14) XL:     6   Next: 22%
Magic:  6/6        EV: 15    Int:  8 (10) God:    Makhleb [**....]
Gold:   103        SH:  0    Dex: 14 (15) Spells: 5/5 levels left

rFire    . . .     SeeInvis .   a - +0 hand axe
rCold    . . .     Gourm    .   (no shield)
rNeg     . . .     Faith    .   b - +0 robe
rPois    .         Spirit   .   (no helmet)
rElec    .         Reflect  .   (no cloak)
rCorr    .         Harm     .   (no gloves)
MR       .....                  (no boots)
Stlth    ++........             (no amulet)
HPRegen  0.18/turn              m - +1 ring of evasion
MPRegen  0.10/turn              (no ring)

@: no status effects
A: no striking features
a: Minor Destruction, Renounce Religion


You were on level 3 of the Dungeon.
You worshipped Makhleb.
Makhleb was pleased with you.
You were not hungry.

You visited 1 branch of the dungeon, and saw 3 of its levels.

You collected 103 gold pieces.

Inventory:

Hand Weapons
 a - a +0 hand axe (weapon)
Armour
 b - a +0 robe (worn)
Jewellery
 m - a +1 ring of evasion (left hand)
 n - an uncursed ring of magical power
Scrolls
 d - a scroll of fear {unknown}
 f - a scroll of noise {unknown}
 i - a scroll of random uselessness {unknown}
 l - a scroll of fog {unknown}
Potions
 g - a potion of flight
 h - a potion of agility
 k - a potion of heal wounds {unknown}
Comestibles
 c - 3 rations


   Skills:
 + Level 5.4 Fighting
 + Level 5.4 Axes
 + Level 3.6 Dodging
 * Level 2.7 Stealth
 + Level 0.2 Invocations


You had 5 spell levels left.
You didn't know any spells.

Dungeon Overview and Level Annotations

Branches:
Dungeon (3/15)

Altars:
Kikubaaqudgha
Makhleb
Ru
Trog


Message History

The centaur misses you. The centaur hits you!
* * * LOW HITPOINT WARNING * * *
You barely miss the centaur.
The centaur is lightly wounded.
The centaur hits you!
* * * LOW HITPOINT WARNING * * *
You hit the centaur.
The centaur is moderately wounded.
The centaur barely misses you. x2
You barely miss the centaur.
The centaur is moderately wounded.
The centaur closely misses you.
Okay, then.
It was a potion of degeneration.
There was something very wrong with that liquid.
You feel weakened.
You feel dopey.
You feel clumsy. The centaur hits you.
* * * LOW HITPOINT WARNING * * *
The centaur hits you!
You die...

.........[...#
.............#
.............#
........(....#
.............#
^............#
#.....c.....#
#....@.# #.####(#
#.# #.# #.# #.#
#################.#
#.................#
#.#################


You could see a centaur.

Vanquished Creatures
  Sigmund (D:2)
  Terence (D:3)
  3 adders
  An ooze (D:2)
  A worm (D:2)
  2 dart slugs (D:1)
  3 leopard geckos
  3 giant cockroaches
  7 goblins
  5 hobgoblins
  A jackal (D:1)
  2 ball pythons (D:2)
  9 bats
  2 frilled lizards (D:2)
  4 kobolds (D:2)
  4 rats
49 creatures vanquished.

Notes
Turn   | Place    | Note
-------+----------+-------------------------------------------
     0 | D:1      | Harpaggios the Hill Orc Monk began the quest for the Orb.
     0 | D:1      | Reached XP level 1. HP: 19/19 MP: 1/1
    39 | D:1      | Reached XP level 2. HP: 23/27 MP: 2/2
   570 | D:1      | Reached XP level 3. HP: 20/33 MP: 3/3
   924 | D:2      | Noticed Sigmund
   940 | D:2      | Killed Sigmund
   940 | D:2      | Reached skill level 5 in Fighting
   940 | D:2      | Reached skill level 5 in Axes
   940 | D:2      | Reached XP level 4. HP: 9/42 MP: 4/4
   940 | D:2      | Reached XP level 5. HP: 10/48 MP: 5/5
  1495 | D:2      | Reached XP level 6. HP: 40/56 MP: 6/6
  1672 | D:2      | Found a bloodstained altar of Trog.
  1899 | D:2      | Found a burning altar of Makhleb.
  1899 | D:2      | Found an ancient bone altar of Kikubaaqudgha.
  1906 | D:2      | Became a worshipper of Makhleb the Destroyer
  1906 | D:2      | Reached * piety under Makhleb
  1906 | D:2      | Reached ** piety under Makhleb
  1928 | D:2      | Found a sacrificial altar of Ru.
  2149 | D:3      | Noticed Terence
  2159 | D:3      | Killed Terence
  2166 | D:3      | HP: 2/56 [centaur (5)]
  2166 | D:3      | Mangled by a centaur

Skill      XL: |  1  2  3 |
---------------+----------+-----
Fighting       | 4 5 |  5.4
Axes           | 5 |  5.4
Dodging        | 3 |  3.6
Stealth        | 2 |  2.7
Invocations    | |  0.2

Action                   |  1- 3 |  4- 6 || total
-------------------------+-------+-------++-------
Melee: Hand axe          |    77 |    85 ||   162
Invok: Minor Destruction |       |     2 ||     2
  Use: Potion            |       |     3 ||     3
       Scroll            |       |     2 ||     2
 Stab: Sleeping          |     4 |     4 ||     8
  Eat: Chunk             |       |     4 ||     4
Armor: Robe              |    14 |    11 ||    25
Dodge: Dodged            |    49 |    79 ||   128
